 Dungeon Crawl Stone Soup version 0.26-a0-976-gd3b5134375 (webtiles) character file.

Game seed: 9458530373012483031

469 KristoblXynda the Slasher (level 6, -4/53 HPs)
             Began as a Draconian Gladiator on Dec 5, 2020.
             Slain by a sky beast (5 damage)
             ... on level 5 of the Dungeon.
             The game lasted 00:05:41 (5157 turns).

KristoblXynda the Slasher (Draconian Gladiator)     Turns: 5157, Time: 00:05:41

Health: -4/53      AC:  6    Str: 16    XL:     6   Next: 82%
Magic:  6/6        EV: 18    Int: 10    God:
Gold:   284        SH:  5    Dex: 13    Spells: 5/5 levels left

rFire    . . .     SeeInvis .   e - +3 dagger (pain)
rCold    . . .     Faith    .   (no shield)
rNeg     . . .     Spirit   .   (armour unavailable)
rPois    .         Reflect  +   b - +0 hat
rElec    .         Harm     .   (no cloak)
rCorr    .         Rampage  .   (no gloves)
MR       .....                  (no boots)
Stlth    +.........             u - amulet of reflection
HPRegen  0.17/turn              n - +4 ring of evasion
MPRegen  0.10/turn              v - ring of wizardry

@: no status effects
A: unfitting armour, cold-blooded, AC +6
a: no special abilities


You were on level 5 of the Dungeon.
You visited 1 branch of the dungeon, and saw 5 of its levels.

You collected 284 gold pieces.

Inventory:

Hand Weapons
 a - a +0 long sword
 e - a +3 dagger of pain (weapon)
Missiles
 c - 3 throwing nets (quivered)
Armour
 b - a +0 hat (worn)
Jewellery
 k - an uncursed ring of magical power
 n - a +4 ring of evasion (left hand)
 u - an amulet of reflection (around neck)
 v - a ring of wizardry (right hand)
 y - an uncursed amulet of regeneration
Wands
 r - a wand of polymorph (9)
Scrolls
 g - a scroll of random uselessness {unknown}
 h - a scroll of amnesia {unknown}
 i - 4 scrolls of remove curse
 l - a scroll of blinking {unknown}
 o - 2 scrolls of magic mapping {unknown}
 p - a scroll of fear {unknown}
 q - a scroll of enchant armour {unknown}
 s - 3 scrolls of teleportation {unknown}
 t - a scroll of enchant weapon {unknown}
 w - a scroll of identify
 x - a scroll of fog {unknown}
Potions
 d - a potion of mutation
 f - 3 potions of brilliance
 j - a potion of curing
 m - a potion of degeneration {unknown}


   Skills:
 + Level 4.4 Fighting
 * Level 5.8 Long Blades
 - Level 2.0 Throwing
 + Level 4.1 Dodging


You had 5 spell levels left.
You didn't know any spells.
Your spell library was empty.

Dungeon Overview and Level Annotations

Branches:
Dungeon (5/15)
 Temple: D:4-7

Altars:
Dithmenos
Qazlal
Sif Muna

Shops:
D:4 :


Innate Abilities, Weirdness & Mutations

Your plain brown scales are hard. (AC +6)
You cannot fit into any form of body armour.
You are cold-blooded and may be slowed by cold attacks.


Message History

You miss something. Something barely misses you.
You miss something. You tail-slap something. Something hits you.
* * * LOW HITPOINT WARNING * * *
Something shocks you.
* * * LOW HITPOINT WARNING * * *
Unknown command.
Things that are here:
a +0 trident; a +0 leather armour A sky beast appears from thin air!
Reactivating autopickup.
The sky beast hits you.
* * * LOW HITPOINT WARNING * * *
The sky beast shocks you.
* * * LOW HITPOINT WARNING * * *
You closely miss the sky beast.
The sky beast is severely wounded.
The sky beast hits you.
* * * LOW HITPOINT WARNING * * *
The sky beast shocks you.
You die...

###### #########....
###....^.....####
#>+..............
#########.#.).......<#
#......Y@....).....#.#
###.##....#.##########
#.##....+........
#.##....#.#######
#.##....#.#
#.##....#.#
#.######... #.#
######### #.#
#.....[.+


You could see a sky beast.

Vanquished Creatures
  An ice beast (D:5)
  A scorpion (D:4)
  2 hounds (D:4)
  2 orc priests (D:4)
  An orc wizard (D:4)
  A worker ant (D:5)
  A hound skeleton (D:4)
  5 adders
  A worm (D:2)
  5 dart slugs
  2 leopard geckos
  7 orcs
  7 giant cockroaches
  3 goblins
  7 hobgoblins
  2 jackals (D:2)
  2 quokkas
  12 bats
  8 frilled lizards
  8 kobolds
  A quokka skeleton (D:4)
  6 rats
85 creatures vanquished.

Notes
Turn   | Place    | Note
-------+----------+-------------------------------------------
     0 | D:1      | KristoblXynda the Draconian Gladiator began the quest for
                  | the Orb.
     0 | D:1      | Reached XP level 1. HP: 17/17 MP: 1/1
   301 | D:1      | Reached XP level 2. HP: 25/25 MP: 2/2
   707 | D:1      | Reached XP level 3. HP: 30/30 MP: 3/3
  1960 | D:2      | Reached skill level 4 in Long Blades
  1960 | D:2      | Reached XP level 4. HP: 36/38 MP: 4/4
  3071 | D:3      | Found a shimmering blue altar of Sif Muna.
  3150 | D:3      | Found a shadowy altar of Dithmenos.
  3287 | D:4      | Found Gasur's Book Shoppe.
  3332 | D:4      | Reached XP level 5. HP: 19/45 MP: 5/5
  3814 | D:4      | Reached skill level 5 in Long Blades
  3846 | D:4      | Reached XP level 6. HP: 32/52 MP: 6/6
  4188 | D:4      | Found a stormy altar of Qazlal.
  4560 | D:5      | Entered Level 5 of the Dungeon
  4806 | D:5      | Noticed an ice beast
  4841 | D:5      | Killed an ice beast
  5101 | D:5      | Noticed a sky beast
  5157 | D:5      | HP: 1/53 [sky beast (4)]
  5157 | D:5      | Slain by a sky beast

Illustrated notes

Levels and vault maps discovered:
D:1:      psy_arrival_wood_between_worlds, layout_basic, minmay_misc_feat_x,
          st_stairs_4
D:2:      layout_basic
D:3:      layout_basic, led_sif_pool, serial_glass, glass_columns_b,
          glass_columns_a, nicolae_dithmenos_through_a_glass_darkly
D:4:      layout_rooms, old_standard_altar, serial_shops, shop,
          serial_corexii_hall, corexii_hall_statues_deadend,
          corexii_hall_statues_i
D:5:      layout_basic, kennysheep_mini_moat, minmay_temple_entry_arrows

Skill      XL: |  1  2  3  4  5  6 |
---------------+-------------------+-----
Throwing       | 2 |  2.0
Dodging        | 3 4 |  4.1
Fighting       | 3 4 |  4.4
Long Blades    | 4 5 |  5.8

Action                   |  1- 3 |  4- 6 || total
-------------------------+-------+-------++-------
Melee: Long sword        |    17 |       ||    17
       Dagger            |   136 |   278 ||   414
       Tailslap          |     9 |    32 ||    41
  Use: Scroll            |       |     4 ||     4
       Potion            |       |     4 ||     4
 Stab: Sleeping          |     2 |     1 ||     3
Armor: Skin              |    43 |    40 ||    83
Dodge: Dodged            |    97 |   164 ||   261
Block: Other             |       |    13 ||    13
       Rpst.: Long sword |     1 |       ||     1

Table legend: (Time is in decaauts)
 A = Elapsed time spent in this place.
 B = Non-inter-level travel time spent in this place.
 C = Inter-level travel time spent in this place.
 D = Time resting spent in this place.
 E = Time spent auto-exploring this place.
 F = Levels seen in this place.
 G = Mean time per level.
                   A        B        C        D        E       F      G
               +--------+--------+--------+--------+--------+-----+--------+
         Total |   5105 |   4978 |    127 |   1650 |   2384 |   5 | 1021.0 |
       Dungeon |   5105 |   4978 |    127 |   1650 |   2384 |   5 | 1021.0 |
               +--------+--------+--------+--------+--------+-----+--------+

Top non-repeatable levels by time:
     D:2: 1474 daAuts
     D:1: 1136 daAuts
     D:4: 1083 daAuts
     D:3: 825 daAuts
     D:5: 585 daAuts
